 Dungeon Crawl Stone Soup version 0.26-a0-812-g31a745ddcd (webtiles) character file.

Game seed: 2377463378799301220

374 kae the Insei (level 6, -7/36 HPs)
             Began as a Tengu Transmuter on Nov 19, 2020.
             Killed from afar by Sigmund (12 damage)
             ... with a puff of flame
             ... on level 4 of the Dungeon.
             The game lasted 00:02:39 (4463 turns).

kae the Insei (Tengu Transmuter)                    Turns: 4463, Time: 00:02:39

Health: -7/36      AC:  2    Str: 13    XL:     6   Next: 72%
Magic:  10/11      EV: 15    Int: 13    God:
Gold:   199        SH:  0    Dex: 14    Spells: 7/11 levels left

rFire    . . .     SeeInvis .     - Unarmed
rCold    . . .     Faith    .   (no shield)
rNeg     . . .     Spirit   .   a - +0 robe
rPois    .         Reflect  .   (helmet restricted)
rElec    .         Harm     .   c - scarf {shadows}
rCorr    .         Rampage  .   (no gloves)
MR       .....                  (boots unavailable)
Stlth    ++........             (no amulet)
HPRegen  0.12/turn              (no ring)
MPRegen  0.12/turn              e - ring of stealth

@: flying quickly and evasively, quick
A: beak, talons 3, able to fly
a: Stop Flying


You were on level 4 of the Dungeon.
You visited 1 branch of the dungeon, and saw 4 of its levels.

You collected 199 gold pieces.

Inventory:

Armour
 a - a +0 robe (worn)
 c - a scarf of shadows (worn)
Jewellery
 e - a ring of stealth (right hand)
 g - an uncursed ring of ice
Scrolls
 d - a scroll of teleportation
 f - a scroll of remove curse
 h - a scroll of blinking
 l - a scroll of enchant weapon
Potions
 b - a potion of resistance


   Skills:
 + Level 2.8 Fighting
 - Level 2.1 Dodging
 + Level 4.6 Unarmed Combat
 - Level 3.0 Spellcasting
 * Level 3.6 Transmutations
 * Level 1.9 Poison Magic


You had 7 spell levels left.
You knew the following spells:

 Your Spells              Type           Power        Failure   Level
a - Beastly Appendage     Tmut           #.....       5%          1
b - Spider Form           Tmut/Pois      #.........   22%         3

Your spell library contained the following spells:

 Spells                   Type           Power        Failure   Level
 Wereblood                Tmut           #.......     8%          2
 Ice Form                 Ice/Tmut       #.......     73%         4
 Blade Hands              Tmut           #.........   82%         5


Dungeon Overview and Level Annotations

Branches:
Dungeon (4/15)
 Temple: D:4-7

Altars:

Annotations:
D:4 Sigmund


Innate Abilities, Weirdness & Mutations

You have a beak for a mouth.
You have claws for feet.
You can fly continuously.


Message History

You hit something. Something hits you!
You closely miss something. Something completely misses you.
You closely miss something. You closely miss something.
Something barely misses you.
You barely miss something. You hit something.
You hear some strange, mumbled words.
A magic dart appears from out of thin air!
The magic dart hits you.
You bite something! Something barely misses you.
Your transformation has ended.
Your scarf of shadows unmelds from your body.
Your +0 robe unmelds from your body.
It gets dark.
Something barely misses you.
A magic dart appears from out of thin air!
The magic dart hits you!
* * * LOW HITPOINT WARNING * * *
Okay, then.
A puff of flame appears from out of thin air!
The puff of flame hits you!
You die...

#.# #.# #{#
#.#
###.#######
#.#
#...§§§§§§#
#.#
#.#######§#
#.# #§# #.#
#§# #@##
#.# #..#
#.# ##.#
#.# #.# #.#
#.# #.# #.#
#.# ###.#
#.# #...#
#.# #.###


There were no monsters in sight!

Vanquished Creatures
  Edmund (D:4)
  An ogre (D:2)
  An orc wizard (D:3)
  A hound skeleton (D:3)
  5 adders
  A white imp (D:3)
  2 worms
  4 dart slugs
  A leopard gecko (D:2)
  3 orcs (D:3)
  6 giant cockroaches
  3 goblins
  12 hobgoblins
  6 jackals
  2 quokkas (D:2)
  9 bats
  A frilled lizard (D:1)
  5 kobolds
  10 rats
74 creatures vanquished.

Notes
Turn   | Place    | Note
-------+----------+-------------------------------------------
     0 | D:1      | kae the Tengu Transmuter began the quest for the Orb.
     0 | D:1      | Reached XP level 1. HP: 12/12 MP: 4/4
   297 | D:1      | Reached XP level 2. HP: 16/16 MP: 4/6
   848 | D:1      | Reached XP level 3. HP: 16/20 MP: 7/7
   853 | D:1      | Learned a level 3 spell: Spider Form
  2360 | D:2      | Reached XP level 4. HP: 14/26 MP: 6/8
  3175 | D:2      | Noticed an ogre
  3185 | D:2      | Killed an ogre
  3185 | D:2      | Reached skill level 4 in Unarmed Combat
  3185 | D:2      | Gained mutation: You can fly continuously. [Tengu growth]
  3185 | D:2      | Reached XP level 5. HP: 30/30 MP: 6/10
  3779 | D:3      | Reached XP level 6. HP: 15/36 MP: 3/11
  4074 | D:3      | Reached skill level 1 in Poison Magic
  4265 | D:4      | Noticed Edmund
  4284 | D:4      | Killed Edmund
  4438 | D:4      | Noticed Sigmund
  4463 | D:4      | Killed from afar by Sigmund

Illustrated notes

Levels and vault maps discovered:
D:1:      saegor_arrival_simple_e, layout_basic, corexii_leaking_fountain
D:2:      minmay_recursive_quarters, layout_basic
D:3:      layout_rooms, serial_glass, glass_columns_b, glass_columns_a,
          kennysheep_minor_cross
D:4:      layout_loops_ring, kennysheep_little_box, lemuel_crystal_altar,
          minmay_temple_entry_nine_rooms, minmay_bisected, uniq_eustachio,
          uniq_edmund, uniq_pikel, uniq_sigmund, uniq_robin

Skill      XL: |  1  2  3  4  5  6 |
---------------+-------------------+-----
Transmutations | 2 3 |  3.6
Fighting       | 2 |  2.8
Unarmed Combat | 4 |  4.6
Spellcasting   | 3 |  3.0
Poison Magic   | 1 |  1.9
Dodging        | |  2.1

Action                   |  1- 3 |  4- 6 || total
-------------------------+-------+-------++-------
Melee: Unarmed           |    88 |   104 ||   192
       Peck              |    12 |     9 ||    21
       Kick              |    20 |    20 ||    40
       Headbutt          |    10 |    10 ||    20
       Punch             |     1 |       ||     1
 Cast: Beastly Appendage |    20 |    17 ||    37
       Spider Form       |       |     7 ||     7
 Abil: Fly               |       |     1 ||     1
  Use: Scroll            |     4 |     4 ||     8
       Potion            |       |     1 ||     1
 Stab: Sleeping          |       |     1 ||     1
Armor: Robe              |    21 |    13 ||    34
       Skin              |       |     1 ||     1
Dodge: Dodged            |    57 |    81 ||   138

Table legend: (Time is in decaauts)
 A = Elapsed time spent in this place.
 B = Non-inter-level travel time spent in this place.
 C = Inter-level travel time spent in this place.
 D = Time resting spent in this place.
 E = Time spent auto-exploring this place.
 F = Levels seen in this place.
 G = Mean time per level.
                   A        B        C        D        E       F      G
               +--------+--------+--------+--------+--------+-----+--------+
         Total |   4392 |   4311 |     81 |    152 |   3594 |   4 | 1098.0 |
       Dungeon |   4392 |   4311 |     81 |    152 |   3594 |   4 | 1098.0 |
               +--------+--------+--------+--------+--------+-----+--------+

Top non-repeatable levels by time:
     D:2: 1940 daAuts
     D:1: 1614 daAuts
     D:3: 634 daAuts
     D:4: 203 daAuts
